AoeStats
← King dyranutane

Fortress

510335024Analyzed
1v1 RM · 22h ago on Sep 30, 2026· 32m 22s· 2 players
Game mode
Random Map
Map size
Small (3 player)
Population
200
Speed
Normal
Resources
Standard
Victory
Conquest
Starting age
Dark Age
Ending age
Imperial Age
RankedLock teamsTeams togetherTeam positionsShared explorationLock speedFull tech treeHidden civsTurbo modeCheats
Victory
Defeat
🇩🇪 Slavs · Germany
1378
+15
🇬🇷 Celts · Greece
1346
-15
Bakis
7:30 Feudal Age
8:52 Double-Bit Axe
11:40 Castle Age
9:52 Horse Collar
11:08 Scale Mail Armor
11:44 Pikeman
19:15 Bow Saw
23:55 Wheelbarrow
23:22 Heavy Plow
24:09 Chain Mail Armor
24:02 Gold Mining
26:33 Forging
28:18 Hand Cart
29:10 Loom
33:03 Imperial Age
31:40 Loom
31:40 Town Watch
31:46 Town Watch
King dyranutane
8:32 Feudal Age
12:34 Castle Age
10:23 Double-Bit Axe
10:22 Horse Collar
11:01 Gold Mining
12:02 Loom
14:13 Bow Saw
16:08 Wheelbarrow
15:18 Town Watch
16:23 Forging
16:44 Heavy Plow
17:29 Scale Barding Armor
19:24 Hand Cart
21:14 Bloodlines
21:05 Husbandry
22:59 Fletching
23:28 Squires
23:23 Man-at-Arms
24:28 Scale Mail Armor
24:08 Long Swordsman
30:28 Imperial Age
28:26 Chain Mail Armor
28:27 Detinets
29:24 Iron Casting
29:54 Gold Shaft Mining
29:12 Stone Mining
29:34 Bodkin Arrow
30:23 Sanctity
30:33 Two-Handed Swordsman
31:44 Plate Mail Armor
31:37 Conscription
31:35 Champion
32:38 Masonry
Connection lost

Rejoining the realm…

Still unreachable

The connection could not be restored.

Session expired

The server has moved on; the page needs a fresh start.